Map: Ruins of Endion

Players

IIIIIIIIIIII (State)

  • Race: Protoss Protoss
  • League: Master

oGsForGG (ForGG) - Winner!

  • Race: Terran Terran
  • League: Master

VOD

Have the link to the VOD?

Description

The infamous build from ForGG.
Divain.

Time

  • Played on: March 30, 2016, 8:17 p.m.
  • Length: 7:37
Show
View Real Time Build Order
Export as new Build Order

IIIIIIIIIIII Protoss 

Build Orders: 1 Gate Expand, Blink Stalkers 

Get SALT Encoding   

  12  0:01  Probe (Chrono Boost)  
  13  0:11  Probe (Chrono Boost)  
  14  0:18  Pylon  
  14  0:22  Probe (Chrono Boost)  
  15  0:36  Probe (Chrono Boost)  
  15  0:37  Gateway  
  16  0:44  Assimilator  
  16  0:46  Probe (Chrono Boost)  
  18  0:57  Probe (Chrono Boost)  
  18  1:07  Probe (Chrono Boost)  
  19  1:20  Nexus  
  19  1:23  Probe (Chrono Boost)  
  20  1:32  Cybernetics Core  
  20  1:35  Probe (Chrono Boost)  
  21  1:40  Assimilator  
  21  1:46  Probe (Chrono Boost)  
  22  1:51  Pylon  
  22  1:56  Probe (Chrono Boost)  
  23  2:09  Mothership Core (Chrono Boost)  
  25  2:16  Warp Gate  
  25  2:26  Stalker  
  25  2:28  Probe (Chrono Boost)  
  28  2:34  Probe (Chrono Boost)  
  29  2:38  Probe (Chrono Boost)  
  30  2:45  Probe (Chrono Boost)  
  30  2:50  Nexus  
  31  2:52  Probe (Chrono Boost)  
  31  2:57  Probe (Chrono Boost)  
  33  3:03  Probe (Chrono Boost)  
  34  3:06  Twilight Council  
  35  3:13  Probe (Chrono Boost)  
  35  3:14  Stalker  
  35  3:17  Probe (Chrono Boost)  
  38  3:24  Probe (Chrono Boost)  
  38  3:27  Gateway  
  39  3:29  Probe (Chrono Boost)  
  40  3:35  Probe (Chrono Boost)  
  40  3:38  Robotics Facility  
  40  3:40  Probe (Chrono Boost)  
  42  3:43  Blink (Chrono Boost)  
  42  3:45  Probe (Chrono Boost)  
  43  3:49  Probe  
  44  4:01  Pylon, Probe  
  44  4:02  Probe x2  
  47  4:12  Gateway  
  47  4:14  Probe  
  47  4:15  Probe  
  47  4:16  Probe  
  50  4:19  Stalker  
  50  4:22  Stalker  
  54  4:25  Probe  
  54  4:26  Probe  
  54  4:27  Observer  
  54  4:28  Probe  
  58  4:32  Pylon  
  58  4:33  Pylon  
  58  4:35  Probe  
  58  4:36  Probe  
  60  4:40  Pylon  
  61  4:50  Stalker x2  
  61  4:51  Immortal (Chrono Boost)  
  61  4:52  Probe  
  68  5:02  Probe  
  68  5:04  Probe x2  
  52  5:13  Probe  
  44  5:14  Stalker  
  44  5:15  Stalker  
  44  5:16  Probe  
  44  5:17  Probe  
  49  5:22  Stalker  
  49  5:24  Probe  
  52  5:29  Probe  
  46  5:43  Probe  
  46  5:45  Probe  
  46  5:48  Stalker  
  46  5:55  Pylon  
  46  5:58  Pylon  
  46  6:00  Pylon  
  46  6:06  Nexus  
  46  6:09  Probe  
  46  6:10  Probe  
  45  6:14  Immortal (Chrono Boost)  
  47  6:19  Probe  
  47  6:22  Probe  
  47  6:25  Stalker  
  51  6:26  Stalker  
  51  6:30  Probe  
  54  6:34  Probe  
  49  6:40  Stalker, Probe  
  47  6:55  Probe  
  47  6:57  Probe  
  47  6:58  Stalker x2  
  47  6:59  Observer (Chrono Boost)  
  54  7:06  Probe  
  55  7:12  Probe  
  56  7:18  Probe  
  57  7:24  Probe  
  60  7:37  Pylon  
Show
View Real Time Build Order
Export as new Build Order

oGsForGG Terran - Winner!

Build Orders: Bio Tank 

Get SALT Encoding   

  12  0:01  SCV  
  13  0:13  SCV  
  14  0:18  Supply Depot  
  14  0:25  SCV  
  15  0:40  SCV  
  16  0:43  Barracks  
  16  0:46  Refinery  
  16  0:52  SCV  
  17  1:04  SCV  
  18  1:16  SCV  
  19  1:30  Barracks Reactor, Orbital Command  
  19  1:42  Command Center  
  19  1:49  Supply Depot  
  19  1:55  SCV  
  19  2:00  Refinery  
  20  2:08  Factory  
  20  2:13  Marine  
  20  2:14  Marine  
  22  2:17  SCV  
  24  2:30  Marine, SCV  
  24  2:31  Marine  
  26  2:42  SCV  
  27  2:48  Marine  
  27  2:49  Marine  
  29  2:52  Factory Tech Lab  
  29  2:54  Starport, SCV  
  30  3:02  Orbital Command  
  30  3:07  Marine x2  
  32  3:15  Siege Tank  
  35  3:24  Marine  
  35  3:25  Marine  
  37  3:28  Supply Depot  
  37  3:31  Medivac  
  39  3:36  SCV x2  
  41  3:42  Marine  
  41  3:43  Marine  
  43  3:50  Siege Tank  
  46  4:00  Marine x2  
  48  4:03  SCV x2  
  48  4:09  Medivac  
  52  4:13  Supply Depot  
  52  4:17  Supply Depot  
  52  4:18  Marine x2  
  54  4:35  SCV x2  
  54  4:36  Marine x2  
  54  4:38  Barracks  
  58  4:39  Barracks  
  58  4:41  Starport Reactor  
  58  4:47  SCV x2  
  60  4:54  Marine x2  
  58  5:08  Liberator x2  
  57  5:15  Marine x2  
  57  5:19  SCV x2  
  61  5:21  Refinery  
  61  5:22  Refinery  
  61  5:26  Barracks Tech Lab x2  
  64  5:33  Marine x2  
  65  5:37  Barracks  
  65  5:38  Barracks  
  59  5:46  Marine x2  
  57  5:50  SCV x2  
  58  5:58  Concussive Shells  
  58  6:05  Marauder x2  
  58  6:06  Marine x2  
  63  6:18  Medivac x2  
  63  6:23  Supply Depot, SCV  
  63  6:24  Supply Depot  
  68  6:27  Barracks Reactor  
  68  6:37  Marauder  
  70  6:45  Marauder x2, Marine x2  
  70  6:58  SCV x2  
  70  6:59  Marauder  
  74  7:07  Marauder  
  78  7:12  Marine x4  
  86  7:18  Supply Depot  
  86  7:21  Supply Depot  
Tags
 
Add a new tag
Caveats
  • Supply blocks, unpowered buildings, or Contaminate may cause inaccurate times.
  • Supply counts are checked every 10 seconds.